 Dungeon Crawl Stone Soup version 0.21-a0-128-gf2b353c (webtiles) character file.

69892 qandnotyew the Unseen (level 15, 0/110 HPs)
             Began as a Halfling Hunter on July 17, 2017.
             Was the Champion of Dithmenos.
             Slain by a death ooze (8 damage)
             ... on level 6 of the Lair of Beasts.
             The game lasted 00:50:44 (20520 turns).

qandnotyew the Unseen (Halfling Hunter)            Turns: 20520, Time: 00:50:45

Health: 0/110      AC:  9    Str: 19    XL:     15   Next: 76%
Magic:  15/15      EV: 25    Int: 11    God:    Dithmenos [******]
Gold:   1646       SH:  0    Dex: 22    Spells: 12/14 levels left

rFire    + . .     SeeInvis +   b - +7 war axe of the Sky {chop, rF+ Str+3}
rCold    . . .     Gourm    .   i - +0 buckler
rNeg     . . .     Faith    +   y - +0 troll leather armour {Purgy}
rPois    +         Spirit   .   H - +1 hat
rElec    .         Reflect  .   S - scarf {repulsion}
rCorr    .         Harm     .   F - +0 pair of gloves
MR       .....                  o - +2 pair of boots
Stlth    ++++......             O - amulet of Raguatae {Faith +Fly MR- Str+3 Int+2}
HPRegen  0.68/turn              Q - ring of poison resistance
MPRegen  0.14/turn              C - ring of see invisible

@: confused, wreathed by umbra, repel missiles
A: mutation resistance 1
a: Shadow Step, Shadow Form, Renounce Religion, Evoke Flight


You were on level 6 of the Lair of Beasts.
You worshipped Dithmenos.
Dithmenos was exalted by your worship.
You were not hungry.

You visited 3 branches of the dungeon, and saw 22 of its levels.
You also visited: Sewer.

You collected 1646 gold pieces.

Inventory:

Hand Weapons
 a - a +9 hunting sling of velocity
 b - the +7 war axe of the Sky (weapon) {chop, rF+ Str+3}
   (You found it on level 8 of the Dungeon)

   It inflicts extra damage upon your enemies.
   It affects your strength (+3).
   It protects you from fire.
 v - a +0 fustibalus
Missiles
 d - 208 sling bullets
 e - 279 stones (quivered)
Armour
 i - a +0 buckler (worn)
 o - a +2 pair of boots (worn)
 y - a +0 troll leather armour (worn) {Purgy}
 F - a +0 pair of gloves (worn)
 H - a +1 hat (worn)
 S - a scarf of repulsion (worn)
Jewellery
 j - an uncursed ring of protection from fire
 t - an uncursed ring of flight
 B - a +3 ring of protection
 C - a ring of see invisible (right hand)
 D - a cursed -2 ring of evasion {unknown}
 G - an uncursed ring of resist corrosion
 J - an uncursed amulet of faith {unknown}
 K - an uncursed ring of stealth
 L - an uncursed ring of protection from cold
 N - an uncursed amulet of the gourmand {unknown}
 O - the amulet of Raguatae (around neck) {Faith +Fly MR- Str+3 Int+2}
   (You found it on level 13 of the Dungeon)

   [amulet of faith]

   It allows you to gain divine favour quickly.
   It affects your strength (+3).
   It affects your intelligence (+2).
   It affects your resistance to hostile enchantments.
   It lets you fly.
 Q - a ring of poison resistance (left hand)
 Y - an uncursed amulet of harm {unknown}
Scrolls
 c - 3 scrolls of enchant weapon
 k - 5 scrolls of teleportation
 m - 10 scrolls of remove curse
 p - 8 scrolls of amnesia
 s - 2 scrolls of holy word
 u - 2 scrolls of magic mapping
 M - 7 scrolls of identify
 R - 3 scrolls of recharging
 Z - a scroll of fear
Potions
 l - 2 potions of brilliance
 q - 15 potions of curing
 r - 3 potions of agility
 w - 4 potions of magic
 z - 4 potions of flight
 A - 2 potions of resistance
 P - 3 potions of might
 T - 2 potions of haste
Books
 g - a book of Air

   Spells                             Type                      Level
   a - Shock                          Conjuration/Air              1
   b - Swiftness                      Charms/Air                   2
   c - Static Discharge               Conjuration/Air              3
   d - Airstrike                      Air                          4
   e - Lightning Bolt                 Conjuration/Air              5
 x - a book of Clouds

   Spells                             Type                      Level
   a - Poisonous Vapours              Poison/Air                   2
   b - Mephitic Cloud                 Conjuration/Poison/Air       3
   c - Conjure Flame                  Conjuration/Fire             3
   d - Freezing Cloud                 Conjuration/Ice/Air          6
   e - Ring of Flames                 Charms/Fire                  7
Comestibles
 f - 17 bread rations
 h - 10 meat rations
 n - 28 fruits
 E - 26 royal jellies


   Skills:
 + Level 13.0 Fighting
 * Level 12.1 Axes
 - Level 12.0 Slings
 + Level 11.1 Dodging
 - Level 15.1 Stealth
 - Level 7.0 Shields


You had 12 spell levels left.
You knew the following spells:

 Your Spells              Type           Power        Failure   Level  Hunger
a - Passwall              Tmut/Erth      #.........   54%         2    ###....


Dungeon Overview and Level Annotations

Branches:
Dungeon (15/15)            Temple (1/1) D:5            Lair (6/6) D:8
 Shoals (0/4) Lair:2        Snake (0/4) Lair:2        Slime (0/5) Lair:5
    Orc (0/2) D:12         Depths (0/5) D:15
 Vaults: D:13-14

Altars:
Ashenzari
Cheibriados
Dithmenos
Elyvilon
Fedhas
Gozag
Hepliaklqana
Kikubaaqudgha
Makhleb
Nemelex Xobeh
Okawaru
Qazlal
Ru
Sif Muna
Trog
Uskayaw
Vehumet
Wu Jian
Xom
Yredelemnul
Zin
The Shining One

Shops:
D:10 [   D:15 %?

Portals:
Trove: D:13 (give 16 potions of curing)

Annotations:
D:4 Maruxus's ghost, amateur DrFi
Lair:6 Ofeo's ghost, journeyman DsGl


Innate Abilities, Weirdness & Mutations

You are small and have problems with some larger weapons.
You are somewhat resistant to further mutation.


Message History

The great orb of eyes gazes at you.
You are confused.
The death ooze closely misses you. The death ooze hits you.
You slash the great orb of eyes!
You kill the great orb of eyes!
Dithmenos accepts your kill.
You barely miss the death ooze. The death ooze hits you!!
* * * LOW HITPOINT WARNING * * *
The death ooze completely misses you. The death ooze completely misses you.
The death ooze closely misses you.
You see here a stone.
The death ooze hits you.
* * * LOW HITPOINT WARNING * * *
You feel your flesh rotting away! The death ooze hits you!
* * * LOW HITPOINT WARNING * * *
The ooze completely misses you.
You feel much better. The death ooze hits you!!
* * * LOW HITPOINT WARNING * * *
You emit a cloud of dark smoke.
The death ooze hits you!
You die...

.#.#......#P.#P.≈§≈≈≈.§.
................≈≈#≈≈....
..............P.≈##§§..PP#
...........†..P.≈≈≈≈≈.....
..........P..†..≈≈§≈≈......
....P#.##...............#..
...^.#####..P#.†§§.....#.#
.......##...PPP§§§§......##
......####..P.P§@J....§....
.......##..(..#§§J§....§[..
........#...#....(§((...#.
............P...§..§((J....
.....†........#######(?P..#
.....).P...... ((..#.
......PPP.#... ((##
.......#####.. .(..
......## . (...


You could see a death ooze and an ooze.

Vanquished Creatures
  An azure jelly (Lair:6)
  The ghost of fooot the Spry, a journeyman SpEE of Ashenzari (D:14)
  A fire dragon (D:15)
  2 death oozes (Lair:6)
  Josephine (D:11)
  2 ice dragons
  2 great orbs of eyes (Lair:6)
  5 hydras
  2 centaur warriors
  3 two-headed ogres
  2 catoblepae
  3 unseen horrors
  A wolf spider zombie (D:15)
  3 ugly things
  3 cyclopes
  A deep elf mage (D:13)
  8 elephants (Lair:4)
  Joseph (D:7)
  4 black mambas
  An eye of devastation (Lair:5)
  2 torpor snails
  7 spiny frogs
  An efreet (D:11)
  2 rime drakes
  6 komodo dragons
  A kobold demonologist (D:13)
  A queen bee (Lair:2)
  4 meliai
  2 trolls
  7 polar bears
  A blink frog (shapeshifter) (D:13)
  4 hornets (Lair:6)
  2 dream sheep (Lair:6)
  7 slime creatures
  11 blink frogs
  8 hippogriffs
  2 vampires
  11 spriggans (Lair:6)
  4 wraiths
  44 yaks
  3 wyverns
  4 basilisks
  A steam dragon (D:10)
  Grum (D:11)
  4 hungry ghosts
  8 vampire mosquitoes
  4 nagas (Lair:2)
  12 water moccasins
  6 porcupines
  7 orc warriors
  A swamp drake (Lair:1)
  5 sky beasts
  Purgy (Sewer)
  8 black bears
  9 ice beasts
  A phantom (D:9)
  A necrophage (D:13)
  2 ogres
  22 wolves
  An eye of draining (Lair:5)
  4 boggarts (Lair:6)
  18 centaurs
  12 crocodiles
  2 big kobolds
  A gnoll sergeant (D:6)
  32 bullfrogs
  Blork the orc (D:15)
  A wyvern skeleton (D:11)
  4 scorpions
  29 killer bees
  14 wights
  9 jellies
  5 howler monkeys
  A lava snake (Lair:6)
  A crimson imp (D:5)
  6 centaur zombies
  2 bullfrog zombies (D:13)
  3 bullfrog skeletons
  8 hounds
  8 orc priests
  13 orc wizards
  3 centaur skeletons
  A gnoll shaman (D:9)
  10 worker ants
  4 hell rats (Lair:6)
  A killer bee zombie (D:5)
  4 hound zombies
  2 howler monkey zombies
  A worker ant zombie (D:2)
  Robin (D:4)
  10 gnolls
  3 howler monkey skeletons
  6 adders
  6 shadow imps
  7 oozes
  An adder zombie (D:2)
  6 worms
  A dart slug (D:1)
  2 leopard geckos
  33 orcs
  2 ball pythons
  A bat skeleton (D:2)
  7 giant cockroaches
  18 goblins
  7 hobgoblins
  7 jackals
  2 quokkas
  5 bats
  11 frilled lizards
  16 kobolds
  A leopard gecko zombie (D:2)
  A quokka skeleton (D:2)
  3 quokka zombies
  7 rats
  2 fungi
  A plant (Lair:4)
642 creatures vanquished.

Vanquished Creatures (others)
  A fungus (Lair:3)
1 creature vanquished.

Grand Total: 643 creatures vanquished

Notes
Turn   | Place    | Note
-------+----------+-------------------------------------------
     0 | D:1      | qandnotyew the Halfling Hunter began the quest for the Orb.
     0 | D:1      | Reached XP level 1. HP: 14/14 MP: 1/1
   128 | D:1      | Reached XP level 2. HP: 19/19 MP: 2/2
   439 | D:1      | Reached XP level 3. HP: 19/24 MP: 3/3
   992 | D:2      | Reached XP level 4. HP: 30/30 MP: 4/4
  1388 | D:3      | Noticed a centaur
  1400 | D:3      | Killed a centaur
  1400 | D:3      | Reached XP level 5. HP: 3/36 MP: 5/5
  1668 | D:3      | Found a glowing drain.
  1836 | Sewer    | Entered a sewer
  1920 | Sewer    | Noticed Purgy
  1952 | Sewer    | Killed Purgy
  1952 | Sewer    | Reached XP level 6. HP: 39/42 MP: 6/6
  2270 | D:4      | Noticed Robin
  2278 | D:4      | Killed Robin
  2424 | D:4      | Reached XP level 7. HP: 42/46 MP: 7/7
  2678 | D:4      | Found a radiant altar of Vehumet.
  3169 | D:4      | Noticed Maruxus's ghost (amateur DrFi)
  3208 | D:5      | Entered Level 5 of the Dungeon
  3297 | D:5      | Found a sparkling altar of Nemelex Xobeh.
  3406 | D:5      | Reached skill level 10 in Slings
  3632 | D:4      | Reached XP level 8. HP: 54/54 MP: 8/8
  3891 | D:5      | Reached skill level 5 in Dodging
  3906 | D:5      | Found a staircase to the Ecumenical Temple.
  4023 | Temple   | Entered the Ecumenical Temple
  4162 | Temple   | Became a worshipper of Dithmenos the Shadowed
  4282 | D:6      | Found a snail-covered altar of Cheibriados.
  4497 | D:5      | Found a sparkling altar of Nemelex Xobeh.
  4815 | D:6      | Found a blossoming altar of Fedhas.
  5483 | D:6      | Reached skill level 5 in Fighting
  5483 | D:6      | Reached XP level 9. HP: 48/61 MP: 9/9
  5766 | D:6      | Reached * piety under Dithmenos
  6176 | D:7      | Reached skill level 1 in Shields
  6431 | D:7      | Noticed a hippogriff
  6444 | D:7      | Killed a hippogriff
  6444 | D:7      | Reached skill level 2 in Stealth
  6502 | D:7      | Found an ornate altar of the Wu Jian Council.
  6519 | D:7      | Noticed Joseph
  6542 | D:7      | Killed Joseph
  6542 | D:7      | Reached skill level 3 in Stealth
  7119 | D:8      | Reached XP level 10. HP: 63/69 MP: 10/10
  7213 | D:8      | Found a shimmering altar of Xom.
  7233 | D:8      | Found an iron altar of Okawaru.
  7236 | D:8      | Found a white marble altar of Elyvilon.
  7239 | D:8      | Found an ornate altar of the Wu Jian Council.
  7267 | D:8      | Reached skill level 4 in Stealth
  7320 | D:8      | Found a staircase to the Lair.
  7380 | D:8      | Reached skill level 5 in Shields
  7599 | D:8      | Got a bloodstained war axe
  7601 | D:8      | Identified the +7 war axe of the Sky {chop, rF+ Str+3} (You found it on level 8 of the Dungeon)
  8107 | D:9      | Found a shimmering altar of Xom.
  8145 | D:9      | Reached ** piety under Dithmenos
  8482 | D:9      | Reached skill level 5 in Stealth
  8730 | D:9      | Noticed an ice dragon
  8757 | D:9      | Killed an ice dragon
  9101 | D:10     | Entered Level 10 of the Dungeon
  9105 | D:10     | Reached skill level 6 in Stealth
  9128 | D:10     | Found Weuhyho's Antique Armour Shop.
  9535 | D:10     | Noticed a two-headed ogre
  9547 | D:10     | Killed a two-headed ogre
  9547 | D:10     | Reached skill level 7 in Stealth
  9547 | D:10     | Reached XP level 11. HP: 77/77 MP: 11/11
  9694 | D:10     | Reached *** piety under Dithmenos
  9759 | D:10     | Reached skill level 8 in Stealth
 10144 | D:11     | Noticed a brown ugly thing
 10158 | D:11     | Killed a brown ugly thing
 10158 | D:11     | Reached skill level 9 in Stealth
 10187 | D:11     | Noticed Josephine
 10210 | D:11     | Killed Josephine
 10210 | D:11     | Reached skill level 10 in Stealth
 10293 | D:11     | Noticed Grum
 10301 | D:11     | Killed Grum
 10374 | D:11     | Reached skill level 11 in Stealth
 10398 | D:11     | Reached **** piety under Dithmenos
 10412 | D:11     | Reached XP level 12. HP: 85/85 MP: 12/12
 10813 | D:11     | Reached skill level 12 in Stealth
 10985 | D:12     | Noticed an unseen horror
 10988 | D:12     | Killed an unseen horror
 11520 | D:12     | Found a staircase to the Orcish Mines.
 11751 | D:12     | Noticed a two-headed ogre
 11758 | D:12     | Killed a two-headed ogre
 11758 | D:12     | Reached skill level 10 in Fighting
 11758 | D:12     | Reached skill level 13 in Stealth
 11871 | D:13     | Noticed an unseen horror
 11879 | D:13     | Killed an unseen horror
 12054 | D:13     | Got a bound copper amulet
 12071 | D:13     | Found a portal to a secret trove of treasure.
 12072 | D:13     | Identified the amulet of Raguatae {Faith +Fly MR- Str+3 Int+2} (You found it on level 13 of the Dungeon)
 12136 | D:13     | Reached ***** piety under Dithmenos
 12311 | D:13     | Reached skill level 14 in Stealth
 12797 | D:13     | Found an opulent altar of Gozag.
 12955 | D:14     | Reached XP level 13. HP: 93/93 MP: 13/13
 13291 | D:14     | Found a glowing golden altar of the Shining One.
 13328 | D:14     | Noticed a four-headed hydra
 13334 | D:14     | Killed a four-headed hydra
 13334 | D:14     | Reached skill level 15 in Stealth
 13345 | D:14     | Reached skill level 1 in Axes
 13498 | D:14     | Noticed fooot's ghost (journeyman SpEE)
 13544 | D:14     | Killed fooot's ghost
 13863 | D:15     | Entered Level 15 of the Dungeon
 14029 | D:15     | Noticed Blork the orc
 14032 | D:15     | Killed Blork the orc
 14039 | D:15     | Found a deep blue altar of Sif Muna.
 14125 | D:15     | Noticed a five-headed hydra
 14131 | D:15     | Killed a five-headed hydra
 14131 | D:15     | Reached skill level 5 in Axes
 14163 | D:15     | Noticed a centaur warrior
 14170 | D:15     | Killed a centaur warrior
 14478 | D:15     | Identified a scroll of acquirement
 14525 | D:15     | Noticed a four-headed hydra
 14529 | D:15     | Killed a four-headed hydra
 14539 | D:15     | Found Pen Enoi's Magic Scroll Shop.
 14566 | D:15     | Reached ****** piety under Dithmenos
 14598 | D:15     | Found Ytaikhloe's Food Boutique.
 14639 | D:15     | Noticed a fire dragon
 14647 | D:15     | Noticed an ice dragon
 14658 | D:15     | Killed a fire dragon
 14658 | D:15     | Reached XP level 14. HP: 56/101 MP: 14/14
 14751 | D:15     | Found a staircase to the Depths.
 15166 | Lair:1   | Entered Level 1 of the Lair of Beasts
 15290 | Lair:1   | Learned a level 2 spell: Passwall
 16377 | Lair:2   | Found a staircase to the Shoals.
 16546 | Lair:2   | Found a staircase to the Snake Pit.
 18088 | Lair:4   | Reached skill level 10 in Axes
 18391 | Lair:4   | Reached XP level 15. HP: 100/109 MP: 15/15
 18548 | Lair:4   | Reached skill level 10 in Dodging
 19249 | Lair:5   | Found a staircase to the Slime Pits.
 19701 | Lair:6   | Entered Level 6 of the Lair of Beasts
 19743 | Lair:6   | Noticed Ofeo's ghost (journeyman DsGl)
 20456 | Lair:6   | Noticed an azure jelly
 20464 | Lair:6   | Killed an azure jelly
 20469 | Lair:6   | Paralysed by a great orb of eyes for 5 turns
 20508 | Lair:6   | Paralysed by a great orb of eyes for 5 turns
 20520 | Lair:6   | Slain by a death ooze

Vault maps used:
D:1:      dpeg_arrival_renting
D:2:      serial_undead, serial_undead_b, serial_undead_b, serial_undead_d,
          serial_undead_a, minmay_misc_feat_chi
D:3:      cheibrodos_sewer_entry_bend, st_stairs_7, fountainhead
D:4:      vehumet_altar_wand_db, uniq_robin
D:5:      nemelex_altar_shiori, minmay_temple_entry_water_ring, first_bread,
          basic_altar
D:6:      cheibriados_altar_1, fedhas_altar_3, minmay_misc_feat_room
D:7:      basic_altar, uniq_joseph
D:8:      grunt_temple_overflow_cloverleaf, lair_entry_dummy, serial_glass,
          glass_columns_b, glass_columns_b
D:9:      dragon1_lemuel, basic_altar, hangedman_little_slice_of_home
D:10:     serial_shops, nicolae_shop_trees
D:11:     uniq_josephine, uniq_grum
D:12:     orc_0_dummy
D:13:     minmay_box_of_statues, enter_trove_6,
          nicolae_gozag_cash_rules_everything_around_me
D:14:     david_vaults_5, tso_metal_star
D:15:     grunt_enter_depths_hoard, serial_shops, shop, shop, tgw_sif
Temple:   regret_index_temple_generic_petals
Lair:1:   pond, lemuel_fruit_fields
Lair:2:   minmay_shoals_entry_centaurs, minmay_snake_entry_guardpost_small,
          special_room, beast_lair_carwin_4, grunt_megastairs_5
Lair:3:   beast_lair_carwin_large_2, minivault_23, lemuel_old_faithful
Lair:4:   st_stairs_12, minivault_19, beast_lair_carwin_8
Lair:5:   minmay_slime_entry_eyes, small_statue_intersection
Lair:6:   minmay_lair_end_enchanted_forest, special_room,
          nicolae_volcano_entry_lava_flow, lemuel_fruit_fields
Sewer:    sewer_co_purgy_island

Skill      XL: |  1  2  3  4  5  6  7  8  9 10 11 12 13 14 15 |
---------------+----------------------------------------------+-----
Slings         | 6 7 8 9 10 11 12 | 12.0
Fighting       | 2 3 4 5 6 7 9 10 11 12 13 | 13.0
Dodging        | 3 4 5 7 9 11 | 11.1
Shields        | 4 7 |  7.0
Stealth        | 3 7 11 14 15 | 15.1
Axes           | 6 10 12 | 12.1

Action                   |  1- 3 |  4- 6 |  7- 9 | 10-12 | 13-15 || total
-------------------------+-------+-------+-------+-------+-------++-------
Melee: Short sword       |    18 |       |       |       |       ||    18
       Whip              |       |    38 |    23 |       |       ||    61
       War axe           |       |       |       |    15 |   338 ||   353
       Hunting sling     |       |       |       |     1 |       ||     1
 Fire: Hunting sling     |    68 |   110 |   497 |   708 |   766 ||  2149
  Use: Potion            |       |     1 |    10 |     2 |     5 ||    18
       Scroll            |       |       |    15 |     7 |     6 ||    28
 Stab: Sleeping          |     1 |       |       |     2 |    27 ||    30
       Distracted        |       |       |       |       |     2 ||     2
  Eat: Chunk             |       |     5 |    13 |    16 |    18 ||    52
       Royal jelly       |       |       |       |     1 |     2 ||     3
Armor: Leather armour    |     4 |    14 |       |       |       ||    18
       Skin              |       |    23 |       |       |       ||    23
       Troll leather arm |       |     5 |    31 |    16 |    74 ||   126
Dodge: Dodged            |    24 |    62 |   125 |   105 |   510 ||   826
       Deflected         |       |       |       |       |     6 ||     6
Block: Buckler           |       |       |       |    35 |   173 ||   208
